 Dungeon Crawl Stone Soup version 0.29-a0-993-g4a18f31a58 (webtiles) character file.

Game seed: 493987945146474205

14 vurker the Trooper (level 2, 16/16 HPs)
             Began as a Vine Stalker Fighter on Aug 2, 2022.
             Was a Follower of Wu Jian.
             Quit the game on level 1 of the Dungeon.
             The game lasted 00:00:39 (787 turns).

vurker the Trooper (Vine Stalker Fighter)            Turns: 787, Time: 00:00:40

Health: 16/16      AC:  6    Str: 18    XL:     2   Next: 45%
Magic:  3/3        EV:  9    Int:  8    God:    Wu Jian [*.....]
Gold:   97         SH:  4    Dex: 13    Spells: 1/1 levels left

rFire   . . .      SeeInvis .     - Unarmed
rCold   . . .      Faith    .   b - +0 buckler
rNeg    . . .      Spirit   +   a - +0 scale mail
rPois   .          Reflect  .   (no helmet)
rElec   .          Harm     .   (no cloak)
rCorr   .          Rampage  .   (no gloves)
Will    .....                   (no boots)
Stlth   ..........              (no amulet)
HPRegen 0.05/turn               (no ring)
MPRegen 0.08/turn               (no ring)

@: no status effects
A: fangs 2, magic shield, antimagic bite, no potion heal 2
a: Renounce Religion


You were on level 1 of the Dungeon.
You worshipped Wu Jian.
Wu Jian was aware of your devotion.
You visited 1 branch of the dungeon, and saw 1 of its levels.

You collected 97 gold pieces.

Inventory:

Armour
 a - a +0 scale mail (worn)
 b - a +0 buckler (worn)
Scrolls
 d - 3 scrolls of noise {unknown}
 e - 2 scrolls of identify {unknown}
 f - a scroll of magic mapping {unknown}
 g - a scroll of poison {unknown}
Potions
 c - a potion of might
 h - a potion of attraction {unknown}


   Skills:
 + Level 2.9 Fighting
 - Level 2.4 Armour
 - Level 2.6 Shields
 * Level 2.7 Unarmed Combat


You had one spell level left.
You didn't know any spells.
Your spell library was empty.

Dungeon Overview and Level Annotations

Branches:
Dungeon (1/15)

Altars:
Wu Jian


Innate Abilities, Weirdness & Mutations

You have extremely sharp teeth.
When hurt, damage is shared between your health and your magic reserves.
Your bite disrupts and absorbs the magic of your enemies.
Potions cannot restore your health.


Message History

You kill the goblin!
No target in view!
No target in view!
No target in view!
No target in view!
No target in view!
No target in view!
No target in view!
No target in view!
No target in view!
No target in view!
No target in view!
No target in view!
Things that are here:
a +0 dagger; a goblin corpse
Things that are here:
a +0 dagger; a goblin corpse
There is an open door here.
You see here a +0 short sword.
Found a scroll labelled PAOTULITWIDGH.
Found 7 gold pieces and a scroll labelled PAOTULITWIDGH.
d - 2 scrolls labelled PAOTULITWIDGH (gained 1)
You now have 90 gold pieces (gained 7).
d - 3 scrolls labelled PAOTULITWIDGH (gained 1)
There is an open door here.
There is an open door here.
Found a faded altar of an unknown god.
There is a faded altar of an unknown god here.
Found 7 gold pieces.
You now have 97 gold pieces (gained 7).
A rat comes into view.
A rat is nearby!
A rat is nearby!
The rat barely misses you.
You hit the rat. You block the rat's attack.
You hit the rat. The rat bites you but does no damage.
You hit the rat.
You kill the rat!
No target in view!
No target in view!
No target in view!
No target in view!
No target in view!
No target in view!
There is a faded altar of an unknown god here.
You cannot tell which god this altar belongs to.
Convert to them anyway?
Wu Jian accepts your prayer! The Council welcomes you!
You can now perform damaging attacks by moving towards foes.
You can now lightly attack monsters by moving around them.

########## #........#
###########........#
........##.........#
######§...§........######
###############§@.........##.....
..............§.§................
##############..§.......#........
#############.##########.....
####..(........#### ##....
##.................#### #....
......##+######.......## #....
...####.......####.....## ###....
.###.............###....###......


There were no monsters in sight!

Vanquished Creatures
  An endoplasm (D:1)
  A giant cockroach (D:1)
  3 jackals (D:1)
  A kobold (D:1)
  3 ball pythons (D:1)
  2 goblins (D:1)
  3 rats (D:1)
14 creatures vanquished.

Notes
Turn   | Place    | Note
-------+----------+-------------------------------------------
     0 | D:1      | vurker the Vine Stalker Fighter began the quest for the
                  | Orb.
     0 | D:1      | Reached XP level 1. HP: 11/11 MP: 2/2
   282 | D:1      | Reached XP level 2. HP: 16/16 MP: 3/3
   739 | D:1      | Found a faded altar of an unknown god.
   786 | D:1      | Prayed at the altar of an unknown god.
   786 | D:1      | Became a worshipper of the Wu Jian Council
   786 | D:1      | Reached * piety under Wu Jian
   787 | D:1      | Quit the game

Illustrated notes

Levels and vault maps discovered:
D:1:      dpeg_arrival_circle_labyrinth_a, layout_rooms,
          ebering_ecumenical_altar_mist

Action                   || total
-------------------------++-------
Melee: Unarmed           ||    54
       Bite              ||    11
Armor: Scale mail        ||    20
Dodge: Dodged            ||    22
Block: Buckler           ||    15

Table legend: (Time is in decaauts)
 A = Elapsed time spent in this place.
 B = Non-inter-level travel time spent in this place.
 C = Inter-level travel time spent in this place.
 D = Time resting spent in this place.
 E = Time spent auto-exploring this place.
 F = Levels seen in this place.
 G = Mean time per level.
                   A        B        C        D        E       F      G
               +--------+--------+--------+--------+--------+-----+--------+
         Total |    786 |    786 |      0 |      0 |    641 |   1 |  786.0 |
       Dungeon |    786 |    786 |      0 |      0 |    641 |   1 |  786.0 |
               +--------+--------+--------+--------+--------+-----+--------+

Top non-repeatable levels by time:
     D:1: 786 daAuts
